 Dungeon Crawl Stone Soup version 0.30.1 (webtiles) character file.

Game seed: 11042246615219296817

354 monsoonserge the Ducker (level 6, -2/48 HPs)
             Began as a Merfolk Monk on July 12, 2023.
             Was an Elder of Uskayaw.
             Slain by a sleepcap (5 damage)
             ... on level 5 of the Dungeon.
             The game lasted 00:10:13 (3372 turns).

monsoonserge the Ducker (Merfolk Monk)              Turns: 3372, Time: 00:10:14

Health: -2/48      AC:  4    Str: 11    XL:     6   Next: 63%
Magic:  0/7        EV: 14    Int: 11    God:    Uskayaw [****..]
Gold:   204        SH:  0    Dex: 17    Spells: 5/7 levels left

rFire   . . .        o - +2 short sword (venom)
rCold   . . .        d - orb {light}
rNeg    . . .        z - +0 leather armour
rPois   .            (no helmet)
rElec   .            (no cloak)
rCorr   .            (no gloves)
SInv    .            s - +0 pair of boots
Will    .....        (no amulet)
Stlth   +            (no ring)
HPRegen 0.28/turn    (no ring)
MPRegen 0.10/turn

%: no passive effects
@: glowing
A: (nimble swimmer 2), mertail
a: Renounce Religion, Stomp, Line Pass


You were on level 5 of the Dungeon.
You worshipped Uskayaw.
Uskayaw was noncommittal.
You visited 1 branch of the dungeon, and saw 5 of its levels.

You collected 204 gold pieces.

Inventory:

Hand Weapons
 o - a +2 short sword of venom (weapon)
Armour
 b - a +0 robe
 d - an orb of light (worn)
 l - the +1 pair of boots of the Comet {rPois rF+ Int-4}
   (You found it on level 2 of the Dungeon)

   Int:       It affects your intelligence (-4).
   rF:        It protects you from fire.
   rPois:     It protects you from poison.
 q - a +0 ring mail
 s - a +0 pair of boots (worn)
 z - a +0 leather armour (worn)
 B - an orb of guile
Scrolls
 a - a scroll of fog {unknown}
 f - a scroll of fear {unknown}
 g - a scroll of amnesia {unknown}
 j - a scroll of vulnerability {unknown}
 k - a scroll of blinking {unknown}
 m - a scroll of silence {unknown}
 n - 2 scrolls of immolation {unknown}
 p - 3 scrolls of identify {unknown}
 u - a scroll of poison {unknown}
 v - a scroll of noise {unknown}
 y - 2 scrolls of enchant weapon {unknown}
Potions
 c - a potion of ambrosia
 e - a potion of brilliance {unknown}
 h - a potion of heal wounds {unknown}
 i - 2 potions of flight {unknown}
 r - a potion of cancellation {unknown}
 t - 2 potions of lignification {unknown}
 w - 2 potions of magic {unknown}
 x - a potion of attraction {unknown}
 C - a potion of mutation {unknown}


   Skills:
 + Level 4.0 Fighting
 + Level 3.0(4.1) Short Blades
 + Level 4.3(4.8) Long Blades
 * Level 1.6 Armour
 + Level 5.0 Dodging
 + Level 1.2 Stealth
 - Level 1.0 Spellcasting
 * Level 1.8 Hexes
 * Level 1.8 Ice Magic
 * Level 1.0 Invocations


You had 5 spell levels left.
You knew the following spells:

 Your Spells              Type           Power      Damage    Failure   Level
a - Ensorcelled Hibernat  Hex/Ice        8%         N/A       30%         2

Your spell library contained the following spells:

 Spells                   Type           Power      Damage    Failure   Level
 Blink                    Tloc           0%         N/A       54%         2
 Spider Form              Tmut/Pois      0%         N/A       77%         3
 Anguish                  Hex/Necr       1%         N/A       96%         4
 Summon Ice Beast         Ice/Summ       2%         N/A       96%         4
 Manifold Assault         Tloc           0%         N/A       99%         4
 Metabolic Englaciation   Hex/Ice        2%         N/A       99%         5
 Summon Forest            Summ/Tloc      0%         N/A       100%        5
 Storm Form               Tmut/Air       0%         N/A       100%        7


Dungeon Overview and Level Annotations

Branches:
Dungeon (5/15)
 Temple: D:4-7

Altars:
Ashenzari
Cheibriados
Gozag
Kikubaaqudgha
Okawaru
Ru
Uskayaw
Yredelemnul
Zin

Annotations:
D:4 Grinder


Innate Abilities, Weirdness & Mutations

((You are very nimble when in or above water. (Stealth+, EV+, Speed+++)))
Your lower body shifts to a powerful aquatic tail in water.


Message History

The phantom is severely damaged.
The phantom closely misses you.
You hit the phantom but do no damage.
The phantom is severely damaged.
You hit the phantom.
The phantom is almost destroyed.
The phantom hits you.
* * * LOW HITPOINT WARNING * * *
Uskayaw will force your foes to share their pain.
Aiming: Line Pass
Press: ? - help, Dir - move target The phantom appears confused.
An iguana comes into view.
The iguana hisses angrily.
A sleepcap comes into view.
You hit the phantom.
You destroy the phantom!
Your base Short Blades skill increases to level 3!
Your Dodging skill increases to level 5!
Your Invocations skill increases to level 1!
You hit the iguana.
The iguana is lightly wounded.
The iguana closely misses you.
You barely miss the iguana.
The iguana is lightly wounded.
The iguana bites you but does no damage.
You barely miss the iguana.
The iguana is lightly wounded.
You hit the iguana.
The iguana is poisoned.
The iguana is moderately wounded.
The iguana bites you!
* * * LOW HITPOINT WARNING * * *
The sleepcap closely misses you.
Uskayaw will force your foes to share their pain.
Uskayaw links your audience in an emotional bond!
You hit the iguana.
The iguana looks as sick as possible!
The iguana is almost dead.
You kill the iguana!
The sleepcap releases spores at you.
You die...

.. ... .## ###..
#.###...# #...
##........
####.#######...##...
#....†^.#..†.......#
#†...†.†##.#...#####
###.....†.#..##.##
##....._.....##..#
.#.#.......####.@#
#))#...†...# #.f#
.###†......# .....
## ####.#######..##
# #.# ...# #.. ##..#
.... #..# #..#


You could see a sleepcap (pain bonded).

Vanquished Creatures
  A water moccasin (D:5)
  A phantom (D:5)
  2 iguanas (D:5)
  3 gnolls (D:3)
  2 adders (D:2)
  An adder zombie (D:3)
  2 dart slugs
  6 orcs
  6 ball pythons
  8 bats
  5 endoplasms
  5 giant cockroaches
  10 goblins
  6 hobgoblins
  5 jackals
  4 quokkas
  4 frilled lizards
  A jackal zombie (D:3)
  6 kobolds
  5 rats
83 creatures vanquished.

Notes
Turn   | Place    | Note
-------+----------+-------------------------------------------
     0 | D:1      | monsoonserge the Merfolk Monk began the quest for the Orb.
     0 | D:1      | Reached XP level 1. HP: 18/18 MP: 1/1
   193 | D:1      | Reached XP level 2. HP: 16/24 MP: 2/2
   311 | D:1      | Got the Almanac of Beckoning and the Evil Eye
   634 | D:1      | Reached XP level 3. HP: 30/30 MP: 3/3
   637 | D:1      | Learned a level 2 spell: Ensorcelled Hibernation
   897 | D:2      | Identified the +1 pair of boots of the Comet {rPois rF+
                  | Int-4}
  1338 | D:2      | Found a snail-covered altar of Cheibriados.
  1392 | D:2      | Reached XP level 4. HP: 33/37 MP: 4/4
  1554 | D:2      | Reached skill level 1 in Short Blades
  1813 | D:3      | Found a sacrificial altar of Ru.
  2047 | D:3      | Found an iron altar of Okawaru.
  2189 | D:3      | Found a glowing silver altar of Zin.
  2194 | D:3      | Found an ancient bone altar of Kikubaaqudgha.
  2197 | D:3      | Found a broken altar of Ashenzari.
  2590 | D:3      | Reached skill level 1 in Hexes
  2590 | D:3      | Reached skill level 1 in Ice Magic
  2594 | D:3      | Reached XP level 5. HP: 14/42 MP: 4/6
  2828 | D:3      | Reached skill level 1 in Stealth
  2835 | D:3      | Found a basalt altar of Yredelemnul.
  3091 | D:4      | Noticed a black bear
  3165 | D:4      | Noticed Grinder
  3259 | D:4      | Found an opulent altar of Gozag.
  3259 | D:4      | Found a snail-covered altar of Cheibriados.
  3279 | D:5      | Entered Level 5 of the Dungeon
  3312 | D:5      | Reached skill level 1 in Spellcasting
  3317 | D:5      | Found a hide-covered altar of Uskayaw.
  3332 | D:5      | Became a worshipper of Uskayaw the Reveller
  3332 | D:5      | Reached * piety under Uskayaw
  3338 | D:5      | Noticed a water moccasin
  3339 | D:5      | Noticed a phantom
  3349 | D:5      | Reached ** piety under Uskayaw
  3356 | D:5      | Killed a water moccasin
  3357 | D:5      | Reached skill level 1 in Armour
  3357 | D:5      | Reached XP level 6. HP: 9/48 MP: 3/7
  3359 | D:5      | Reached *** piety under Uskayaw
  3365 | D:5      | Reached **** piety under Uskayaw
  3368 | D:5      | Reached skill level 5 in Dodging
  3368 | D:5      | Reached skill level 1 in Invocations
  3372 | D:5      | Slain by a sleepcap

Illustrated notes

Levels and vault maps discovered:
D:1:      dpeg_arrival_rooms_b, layout_basic
D:2:      layout_loops_corners, basic_altar
D:3:      layout_basic, nicolae_ru_awakened_eye,
          hellmonk_okawaru_the_only_friend_you_need,
          grunt_temple_overflow_diamond, lemuel_zombie_altar_yredelemnul,
          minmay_strange_pillars, eino_tiny_chamber,
          minmay_fractal_squares_diagonal_5
D:4:      layout_basic, gammafunk_temple_overflow_wave,
          minmay_temple_entry_junction_2, uniq_grinder, uniq_menkaure
D:5:      layout_loops_ring, nicolae_uskayaw_murder_on_the_dancefloor,
          bloody_trog, hangedman_decor_riveting

Skill      XL: |  1  2  3  4  5  6 |
---------------+-------------------+-----
Long Blades    | 4 |  4.3
Short Blades   | 1 2 3 |  3.0
Hexes          | 1 |  1.8
Ice Magic      | 1 |  1.8
Stealth        | 1 |  1.2
Spellcasting   | 1 |  1.0
Fighting       | 4 |  4.0
Armour         | 1 |  1.6
Dodging        | 5 |  5.0
Invocations    | 1 |  1.0

Action                     |  1- 3 |  4- 6 || total
---------------------------+-------+-------++-------
  Melee: Falchion          |    24 |       ||    24
         Rapier            |    36 |       ||    36
         Short sword       |    10 |   147 ||   157
   Cast: Ensorcelled Hiber |       |     1 ||     1
 Invoke: Line Pass         |       |     1 ||     1
    Use: Potion            |       |     2 ||     2
   Stab: Sleeping          |       |     1 ||     1
         Paralysed         |       |     1 ||     1
 Armour: Robe              |    12 |    10 ||    22
         Leather armour    |       |    17 ||    17
  Dodge: Dodged            |    49 |    79 ||   128
